 Dungeon Crawl Stone Soup version 0.21.0-25-ge575cb9 (webtiles) character file.

507 doot the Poker (level 6, -2/50 HPs)
             Began as a Centaur Warper on Jan 26, 2018.
             Was a Follower of Okawaru.
             Slain by an orc warrior
             ... wielding a +0 long sword
              (8 damage)
             ... on level 3 of the Dungeon.
             The game lasted 00:12:37 (4927 turns).

doot the Poker (Centaur Warper)                     Turns: 4927, Time: 00:12:38

Health: -2/50      AC:  4    Str: 16    XL:     6   Next: 97%
Magic:  9/9        EV: 10    Int: 12    God:    Okawaru [*.....]
Gold:   128        SH:  0    Dex:  8    Spells: 2/9 levels left

rFire    . . .     SeeInvis .   a - +0 spear
rCold    . . .     Gourm    .   (no shield)
rNeg     . . .     Faith    .   b - +0 leather armour
rPois    .         Spirit   .   (no helmet)
rElec    .         Reflect  .   (no cloak)
rCorr    .         Harm     .   (no gloves)
MR       .....                  (no barding)
Stlth    ..........             (no amulet)
HPRegen  0.16/turn              (no ring)
MPRegen  0.11/turn              (no ring)

@: very quick
A: large, hooves 3, deformed body, speed 2, tough skin 3
a: Heroism, Renounce Religion


You were on level 3 of the Dungeon.
You worshipped Okawaru.
Okawaru was aware of your devotion.
You were hungry.

You visited 2 branches of the dungeon, and saw 5 of its levels.

You collected 128 gold pieces.

Inventory:

Hand Weapons
 a - a +0 spear (weapon)
Missiles
 o - 4 tomahawks (quivered)
Armour
 b - a +0 leather armour (worn)
Scrolls
 d - a scroll of blinking
 g - 2 scrolls of teleportation {unknown}
 h - a scroll of fog {unknown}
 i - 2 scrolls of amnesia {unknown}
 j - 6 scrolls of identify {unknown}
 k - 2 scrolls of magic mapping {unknown}
 m - a scroll of remove curse {unknown}
 q - a scroll of fear {unknown}
 s - a scroll of enchant weapon {unknown}
 t - a scroll of enchant armour {unknown}
Potions
 e - a potion of ambrosia {unknown}
 l - a potion of degeneration {unknown}
 n - a potion of lignification {unknown}
 p - 2 potions of might {unknown}
 r - a potion of agility {unknown}
Books
 c - a book of Spatial Translocations

   Spells                             Type                      Level
   a - Blink                          Translocation                2
   b - Shroud of Golubria             Charms/Translocation         2
   c - Lesser Beckoning               Translocation                3
   d - Gell's Gravitas                Translocation                3
   e - Teleport Other                 Translocation                3
   f - Passage of Golubria            Translocation                4
Comestibles
 f - 3 rations


   Skills:
 + Level 2.9 Fighting
 + Level 4.0 Polearms
 + Level 1.1 Throwing
 + Level 2.3 Armour
 + Level 2.4 Dodging
 + Level 0.3 Stealth
 + Level 2.3 Spellcasting
 + Level 1.2 Charms
 + Level 3.3 Translocations


You had 2 spell levels left.
You knew the following spells:

 Your Spells              Type           Power        Failure   Level  Hunger
a - Blink                 Tloc           N/A          12%         2    ###....
b - Shroud of Golubria    Chrm/Tloc      #.........   19%         2    ###....
c - Teleport Other        Tloc           #.......     24%         3    ####...


Dungeon Overview and Level Annotations

Branches:
Dungeon (4/15)             Temple (1/1) D:4

Altars:
Cheibriados
Elyvilon
Fedhas
Gozag
Hepliaklqana
Kikubaaqudgha
Makhleb
Okawaru
Ru
Sif Muna
Trog
Vehumet
Xom
Zin


Innate Abilities, Weirdness & Mutations

You have hooves in place of feet.
Armour fits poorly on your strangely shaped body.
You cover ground very quickly.
You have extremely tough skin. (AC +3)


Message History

a dagger; a chunk of flesh Eat a chunk of flesh? (ye/n/q)
You eat the chunk of flesh.
This raw flesh tastes terrible.
You are feeling hungry.
Okay, then.
There is a stone staircase leading up here.
The orc wizard casts a spell at you. You resist with some effort.
You hear a shout!
The orc warrior hits you with a long sword.
The orc wizard gestures wildly while chanting.
The orc wizard blinks!
The orc warrior hits you with a long sword!!
* * * LOW HITPOINT WARNING * * *
The orc wizard closely misses you. The orc warrior closely misses you.
The orc barely misses you.
The orc wizard casts a spell.
The orc wizard seems to speed up.
The orc warrior hits you with a long sword!
You die...

.# #.....##.#.....##....#### [###
#..#####.#..............# ...#
##...####.#..(...........#
##.###..#.##...#..............#
.......##.##.###..............#
..............)...............#
.o....###.)..###..............#
..##### ##..####..............#
.### #..###o@o............#
...#######.....o#########..####
....).......#############..######
...######............##.........#
>..# ##........................#
...# #.........................#
#### #...................###...#
#...............##........#
#...............#######...#


You could see an orc warrior, an orc wizard and an orc.

Vanquished Creatures
  2 ogres (D:4)
  3 vampire bats (D:4)
  A bullfrog skeleton (D:3)
  An orc wizard (D:3)
  2 worker ants (D:4)
  3 adders
  An adder zombie (D:3)
  An adder skeleton (D:3)
  4 worms
  2 dart slugs
  2 leopard geckos (D:2)
  An orc (D:3)
  3 bat skeletons (D:4)
  2 bat zombies (D:4)
  5 giant cockroaches
  11 goblins
  8 hobgoblins
  4 jackals (D:1)
  3 quokkas
  7 bats
  5 frilled lizards
  4 kobolds
  4 rats
79 creatures vanquished.

Notes
Turn   | Place    | Note
-------+----------+-------------------------------------------
     0 | D:1      | doot the Centaur Warper began the quest for the Orb.
     0 | D:1      | Reached XP level 1. HP: 17/17 MP: 3/3
   322 | D:1      | Reached skill level 2 in Polearms
   334 | D:1      | Reached XP level 2. HP: 16/24 MP: 4/4
   427 | D:1      | Learned a level 2 spell: Blink
   430 | D:1      | Learned a level 2 spell: Shroud of Golubria
   553 | D:1      | Reached XP level 3. HP: 21/29 MP: 1/5
  1563 | D:2      | Reached skill level 1 in Armour
  1898 | D:2      | Found a radiant altar of Vehumet.
  2034 | D:2      | Reached XP level 4. HP: 32/36 MP: 3/6
  2316 | D:3      | Noticed an orc warrior
  2318 | D:3      | Reached skill level 3 in Polearms
  2655 | D:3      | Reached XP level 5. HP: 26/42 MP: 6/8
  3093 | D:3      | Learned a level 3 spell: Teleport Other
  3310 | D:4      | Found a sacrificial altar of Ru.
  3354 | D:4      | Noticed a phantom
  3362 | D:4      | Found a blossoming altar of Fedhas.
  3430 | D:4      | Found a staircase to the Ecumenical Temple.
  3436 | Temple   | Entered the Ecumenical Temple
  3637 | Temple   | Became a worshipper of Warmaster Okawaru
  3714 | D:4      | Found an ancient bone altar of Kikubaaqudgha.
  3765 | D:4      | Reached XP level 6. HP: 33/50 MP: 4/9
  4525 | D:4      | Reached * piety under Okawaru
  4525 | D:4      | Reached skill level 4 in Polearms
  4525 | D:4      | Reached skill level 1 in Charms
  4927 | D:3      | Slain by an orc warrior

Skill      XL: |  1  2  3  4  5  6 |
---------------+-------------------+-----
Polearms       | 2 3 4 |  4.0
Armour         | 1 2 |  2.3
Translocations | 3 |  3.3
Spellcasting   | 2 |  2.3
Dodging        | 2 |  2.4
Charms         | 1 |  1.2
Fighting       | |  2.9
Throwing       | |  1.1
Stealth        | |  0.3

Action                   |  1- 3 |  4- 6 || total
-------------------------+-------+-------++-------
Melee: Spear             |   165 |   210 ||   375
       Kick              |    30 |    42 ||    72
Throw: Tomahawk          |     5 |       ||     5
 Cast: Shroud of Golubri |    10 |    14 ||    24
       Blink             |     1 |     2 ||     3
       Teleport Other    |       |     1 ||     1
  Eat: Chunk             |     3 |     6 ||     9
       Ration            |       |     1 ||     1
Armor: Leather armour    |    43 |    57 ||   100
Dodge: Dodged            |    47 |    80 ||   127
